AoeStats
← El Fantasma de Pancho Villa

Arena

509763652Analyzed
4v4 RM · 3d ago on Sep 27, 2026· 11m 34s· 8 players
Game mode
Random Map
Map size
Large (8 player)
Population
200
Speed
Normal
Resources
Standard
Victory
Conquest
Starting age
Dark Age
Ending age
Imperial Age
RankedLock teamsTeams togetherTeam positionsShared explorationLock speedFull tech treeHidden civsTurbo modeCheats
Victory
Defeat
🇨🇱 Cumans · Chile
1261
+14
🇺🇸 Spanish · United States
1222
+15
🇨🇱 Goths · Chile
1204
+16
🇹🇼 Turks · Taiwan
1193
+16
🇲🇽 Italians · Mexico
1250
-17
🇲🇽 Persians · Mexico
1234
-17
🇲🇽 Lithuanians · Mexico
1206
-15
🇺🇸 Cumans · United States
1134
-12
MXTS | Robert Blond
10:29 Feudal Age
[GMEX] | The_Spartako
11:19 Feudal Age
Boywars
9:45 Feudal Age
9:58 Loom
13:54 Castle Age
El Fantasma de Pancho Villa
tower07
11:10 Feudal Age
9:26 Loom
Bob
9:13 Loom
11:00 Feudal Age
Sr Bolainas
10:41 Feudal Age
AAOE | Urborg
9:09 Feudal Age
10:29 Double-Bit Axe
Connection lost

Rejoining the realm…

Still unreachable

The connection could not be restored.

Session expired

The server has moved on; the page needs a fresh start.